 Dungeon Crawl Stone Soup version 0.30-a0-743-gbfdf073431 (webtiles) character file.

Game seed: 8081771838899256982

19840 ryw the Severer (level 12, -14/112 HPs)
             Began as a Hill Orc Berserker on Feb 6, 2023.
             Was the Champion of Trog.
             Constricted to death by Jorgrun (18 damage)
             ... on level 12 of the Dungeon.
             The game lasted 00:18:22 (9648 turns).

ryw the Severer (Hill Orc Berserker)                Turns: 9648, Time: 00:18:23

Health: -14/112    AC: 22    Str: 31    XL:     12   Next: 73%
Magic:  12/12      EV:  5    Int:  7    God:    Trog [******]
Gold:   1580       SH: 10    Dex: 10    Spells: 11/11 levels left

rFire   . . .      SeeInvis .    A - +0 broad axe (venom)
rCold   . . .      Faith    .    h - +1 kite shield
rNeg    . . .      Spirit   .    m - +0 plate armour
rPois   .          Reflect  .    (no helmet)
rElec   .          Harm     .    l - scarf {+Inv}
rCorr   .          Rampage  .    (no gloves)
Will    .....                    i - +2 pair of boots Stlth
                                 g - amulet of regeneration
HPRegen 1.18/turn                D - +4 ring of protection
MPRegen 0.13/turn                d - +6 ring of strength

@: grasped by roots, constricted, studying Axes
A: no striking features
a: Renounce Religion, Evoke Invisibility, Berserk, Trog's Hand, Brothers in Arms


You were on level 12 of the Dungeon.
You worshipped Trog.
Trog was exalted by your worship.
You visited 1 branch of the dungeon, and saw 12 of its levels.
You also visited: Bailey.

You collected 1604 gold pieces.
You spent 24 gold pieces at shops.

Inventory:

Hand Weapons
 a - a +0 hand axe
 e - the +2 dire flail of Truth {venom, rC+}
   (You acquired it on level 2 of the Dungeon)

   rC:        It protects you from cold.
 t - a +1 quick blade
 A - a +0 broad axe of venom (weapon)
 B - a +3 battleaxe of freezing
Missiles
 k - 5 curare-tipped darts (quivered)
 q - 4 javelins
Armour
 h - a +1 kite shield (worn)
 i - a +2 pair of boots (worn)
 l - a scarf of invisibility (worn)
 m - a +0 plate armour (worn)
Jewellery
 c - a ring of positive energy
 d - a +6 ring of strength (right hand)
 g - an amulet of regeneration (around neck)
 D - a +4 ring of protection (left hand)
Wands
 b - a wand of acid (5)
 n - a wand of iceblast (3)
 u - a wand of paralysis (21)
 y - a wand of polymorph (9)
 F - a wand of digging (3)
Scrolls
 j - 2 scrolls of teleportation
 v - 2 scrolls of fog
 C - a scroll of summoning
 H - 2 scrolls of blinking
 I - a scroll of identify
Potions
 f - 2 potions of flight
 p - a potion of invisibility
 r - a potion of haste
 s - 2 potions of degeneration {unknown}
 w - 6 potions of curing
 x - 4 potions of might
 z - 2 potions of ambrosia
 E - a potion of resistance {unknown}
 G - 4 potions of lignification


   Skills:
 + Level 11.8 Fighting
 * Level 17.6(17.8) Axes
 - Level 3.1(10.2) Maces & Flails
 + Level 10.6 Armour
 - Level 5.0 Dodging
 + Level 6.6 Shields
 + Level 9.2 Evocations


You had 11 spell levels left.
You didn't know any spells.
Your spell library was empty.

Dungeon Overview and Level Annotations

Branches:
Dungeon (12/15)            Temple (0/1) D:7            Lair (0/5) D:10
    Orc (0/2) D:10         Bailey (visited)

Altars:
Dithmenos
Fedhas
Kikubaaqudgha
Nemelex Xobeh
Sif Muna

Shops:
D:2 *   D:12 :

Annotations:
D:5 1 runed translucent door, ParallaxScroll's ghost, novice OpTm
D:6 1 runed translucent door
D:11 3 runed translucent doors, Sifeskin's ghost, journeyman DECj
D:12 Jorgrun


Message History

You closely miss Jorgrun.
Jorgrun is lightly wounded.
Jorgrun is no longer moving slowly.
You barely miss Jorgrun.
Jorgrun is lightly wounded.
Jorgrun casts a spell at you. The iron shot hits you!!
You miss Jorgrun.
Jorgrun is lightly wounded.
Jorgrun casts a spell at you. The iron shot hits you.
You slice Jorgrun!!
Jorgrun is heavily wounded.
Jorgrun drinks a potion.
Jorgrun is healed!
Jorgrun looks more healthy.
You miss Jorgrun.
Jorgrun is heavily wounded.
Jorgrun gestures at you while chanting. The iron shot hits you!!!
Ouch! That really hurt!
* * * LOW HITPOINT WARNING * * *
You slice Jorgrun!!
Jorgrun looks as sick as possible!
Jorgrun is heavily wounded.
Jorgrun points at you and mumbles some strange words.
Roots burst forth from the earth!
The grasping roots grab you! The grasping roots constrict you!
* * * LOW HITPOINT WARNING * * *
You slash Jorgrun!
Jorgrun looks as sick as possible!
Jorgrun is severely wounded.
You feel much better.
Jorgrun hits you with a +0 heavy quarterstaff!
* * * LOW HITPOINT WARNING * * *
The grasping roots constrict you!
* * * LOW HITPOINT WARNING * * *
You slice Jorgrun!!
Jorgrun is almost dead.
Jorgrun hits you with a +0 heavy quarterstaff.
* * * LOW HITPOINT WARNING * * *
The grasping roots constrict you!!
You die...

........(..)..>#
...#.....#####.#
...#.##.... #.#
####.###.#.#
#.##### #.#
#+#.# #.....# ..
#.#.....#
#......#
##.....# #..@#.#
#..g..#
....#......
..##.##.#..###
#. #(..(.. #
.###.##. . .. .
# ##.


You could see Jorgrun (extremely poisoned).

Vanquished Creatures
  Azrael (D:11)
  2 vault guards (Bailey)
  Erolcha (D:9)
  A two-headed ogre (D:10)
  A boulder beetle (D:12)
  Sonja (D:12)
  A deep elf pyromancer (D:12)
  Pikel (D:9)
  2 ugly things (D:12)
  A cyclops (D:11)
  An unseen horror (D:6)
  3 kobold demonologists
  4 trolls
  A hornet (D:9)
  Prince Ribbit (Bailey)
  Sigmund (D:5)
  4 slime creatures (D:12)
  2 wraiths
  A vampire (D:10)
  8 humans (Bailey)
  27 yaks
  A steam dragon (D:8)
  3 vampire mosquitoes (D:12)
  Menkaure (D:5)
  An acid dragon (D:6)
  4 hell hounds
  4 orc warriors
  An ice beast (D:6)
  3 sky beasts
  An ogre (D:10)
  A centaur (D:6)
  6 kobold brigands
  10 bullfrogs
  2 necrophages (D:6)
  7 scorpions
  8 wights
  A killer bee (D:6)
  A howler monkey (D:9)
  5 hounds
  3 orc priests
  3 jellies
  Jessica (D:2)
  2 iguanas
  11 orc wizards
  Robin (D:2)
  11 gnolls
  3 adders
  2 shadow imps
  2 white imps
  An ufetubus (D:6)
  2 dart slugs
  26 orcs
  7 ball pythons
  6 bats
  2 bat skeletons (D:6)
  3 bat zombies (D:6)
  8 endoplasms
  12 giant cockroaches
  19 goblins
  7 hobgoblins
  4 jackals (D:3)
  33 kobolds
  2 quokkas
  A frilled lizard (D:2)
  2 rats
299 creatures vanquished.

Vanquished Creatures (others)
  A plant (D:11)
1 creature vanquished.

Grand Total: 300 creatures vanquished

Notes
Turn   | Place    | Note
-------+----------+-------------------------------------------
     0 | D:1      | ryw the Hill Orc Berserker began the quest for the Orb.
     0 | D:1      | Reached XP level 1. HP: 19/19 MP: 1/1
     1 | D:1      | Noticed a barachi
     6 | D:1      | Noticed a minotaur
     8 | D:1      | Noticed a minotaur zombie
    12 | D:1      | Noticed a minotaur skeleton
    15 | D:1      | Noticed a minotaur skeleton
    18 | D:1      | Noticed a barachi
    20 | D:1      | Noticed a spriggan
    25 | D:1      | Noticed a felid
   126 | D:1      | Reached XP level 2. HP: 23/27 MP: 2/2
   297 | D:1      | You fall into a shaft and drop 1 floor!
   608 | D:2      | Reached XP level 3. HP: 32/33 MP: 3/3
   674 | D:2      | Found Diarch's Assorted Antiques.
   687 | D:2      | Bought a scroll labelled ESA BIUKAL for 24 gold pieces
   855 | D:2      | Reached ** piety under Trog
   858 | D:2      | Identified a scroll of acquirement
   858 | D:2      | Acquired the +2 dire flail of Truth {venom, rC+}
  1156 | D:2      | Noticed Jessica
  1158 | D:2      | Killed Jessica
  1159 | D:2      | Reached XP level 4. HP: 40/40 MP: 4/4
  1242 | D:3      | Reached skill level 1 in Shields
  1249 | D:3      | Identified the +2 helmet "Alaw" {Dex+3}
  1249 | D:3      | Noticed Robin
  1323 | D:2      | Reached skill level 1 in Maces & Flails
  1346 | D:2      | Killed Robin
  1371 | D:3      | Found a sparkling altar of Nemelex Xobeh.
  1452 | D:3      | Noticed a scorpion
  1462 | D:3      | Killed a scorpion
  1463 | D:3      | Reached XP level 5. HP: 47/47 MP: 5/5
  1507 | D:3      | Reached *** piety under Trog
  2126 | D:4      | Reached skill level 1 in Evocations
  2126 | D:4      | Reached XP level 6. HP: 50/55 MP: 6/6
  2247 | D:4      | Reached skill level 5 in Fighting
  2328 | D:4      | Noticed a sky beast
  2344 | D:4      | Killed a sky beast
  2345 | D:4      | Reached XP level 7. HP: 60/61 MP: 7/7
  2838 | D:5      | Entered Level 5 of the Dungeon
  2886 | D:5      | Noticed Menkaure
  2895 | D:5      | Killed Menkaure
  2946 | D:5      | Noticed ParallaxScroll's ghost (novice OpTm)
  2951 | D:5      | Found a runed translucent door.
  3138 | D:5      | Reached **** piety under Trog
  3331 | D:5      | Noticed Sigmund
  3350 | D:5      | Killed Sigmund
  3351 | D:5      | Reached skill level 5 in Armour
  3351 | D:5      | Reached XP level 8. HP: 70/70 MP: 8/8
  3691 | D:5      | Found a blossoming altar of Fedhas.
  3691 | D:5      | Found a shimmering blue altar of Sif Muna.
  3943 | D:6      | Found an ancient bone altar of Kikubaaqudgha.
  3990 | D:6      | Found a shadowy altar of Dithmenos.
  4062 | D:6      | Killed an unseen horror
  4063 | D:6      | Reached XP level 9. HP: 42/79 MP: 9/9
  4197 | D:6      | Found a runed translucent door.
  4199 | D:6      | Found a runed translucent door.
  4376 | D:6      | Acquired 727 gold pieces
  4555 | D:6      | Identified the +0 mace of Animal Spirits {flame, Int+3}
  4809 | D:6      | Reached skill level 5 in Dodging
  4828 | D:6      | Reached skill level 5 in Evocations
  5164 | D:7      | Found a staircase to the Ecumenical Temple.
  5880 | D:8      | Reached ***** piety under Trog
  6291 | D:9      | Found a flagged portal.
  6307 | Bailey   | Entered a bailey
  6371 | Bailey   | Reached skill level 5 in Axes
  6373 | Bailey   | Reached XP level 10. HP: 91/91 MP: 10/10
  6381 | Bailey   | Reached skill level 6 in Axes
  6391 | Bailey   | Reached skill level 7 in Axes
  6466 | Bailey   | Noticed Prince Ribbit
  6466 | Bailey   | Noticed a vault guard
  6489 | Bailey   | Killed a vault guard
  6490 | Bailey   | Reached skill level 8 in Axes
  6492 | Bailey   | Killed Prince Ribbit
  6493 | Bailey   | Reached skill level 9 in Axes
  6600 | Bailey   | Noticed a vault guard
  6611 | Bailey   | Killed a vault guard
  6612 | Bailey   | Reached skill level 10 in Axes
  6698 | Bailey   | Reached skill level 11 in Axes
  6749 | D:9      | Reached skill level 10 in Fighting
  6810 | D:9      | Noticed a kobold demonologist
  6813 | D:9      | Noticed a kobold demonologist
  6816 | D:9      | Noticed a soul eater
  6816 | D:9      | Killed a kobold demonologist
  6820 | D:9      | Killed a kobold demonologist
  6821 | D:9      | Reached XP level 11. HP: 94/99 MP: 11/11
  6836 | D:9      | Reached skill level 12 in Axes
  7086 | D:9      | Identified the +3 flail of Morch {pain, rElec Dex+5}
  7091 | D:9      | Noticed Pikel
  7103 | D:9      | Killed Pikel
  7104 | D:9      | Reached skill level 13 in Axes
  7150 | D:9      | Noticed Erolcha
  7475 | D:9      | Killed Erolcha
  7489 | D:10     | Entered Level 10 of the Dungeon
  7614 | D:10     | Received a gift from Trog
  7869 | D:10     | Found a staircase to the Lair.
  7869 | D:10     | Noticed a two-headed ogre
  7883 | D:10     | Killed a two-headed ogre
  7884 | D:10     | Reached skill level 14 in Axes
  7996 | D:10     | Found a staircase to the Orcish Mines.
  8052 | D:10     | Reached skill level 5 in Shields
  8390 | D:10     | Reached skill level 15 in Axes
  8429 | D:11     | Reached XP level 12. HP: 61/110 MP: 12/12
  8430 | D:11     | Reached skill level 10 in Armour
  8657 | D:11     | Found a runed translucent gate.
  8751 | D:11     | Reached skill level 16 in Axes
  8842 | D:11     | Found a runed translucent gate.
  8842 | D:11     | Found a runed translucent gate.
  8843 | D:11     | Noticed a ten-headed hydra
  8844 | D:11     | Noticed Sifeskin's ghost (journeyman DECj)
  8859 | D:11     | Noticed a nine-headed hydra
  8983 | D:12     | Noticed Azrael
  9001 | D:11     | Killed Azrael
  9247 | D:12     | Found Reny's Self-Improvement Boutique.
  9269 | D:12     | Noticed a boulder beetle
  9288 | D:12     | Killed a boulder beetle
  9306 | D:12     | Reached ****** piety under Trog
  9307 | D:12     | Reached skill level 17 in Axes
  9372 | D:12     | Noticed Sonja
  9391 | D:12     | Killed Sonja
  9391 | D:12     | Received a gift from Trog
  9630 | D:12     | Noticed Jorgrun
  9648 | D:12     | HP: 4/112 [Jorgrun/+0 heavy quarterstaff (4)]
  9648 | D:12     | Constricted to death by Jorgrun

Illustrated notes

Levels and vault maps discovered:
D:1:      shiori_arrival_whats_in_store_for_you, layout_loops_ring,
          basic_ecumenical_altar
D:2:      layout_loops_ring, serial_shops, shop, chequers_jeans, uniq_jessica
D:3:      layout_basic, mainiacjoe_overflow_surrounded_room,
          minmay_fractal_squares_diagonal_5, uniq_robin
D:4:      layout_basic, minmay_misc_feat_cross, st_stairs_5
D:5:      layout_loops_ring, gammafunk_temple_overflow_elements,
          hellmonk_ghost_happy_afterlife, serial_rivers,
          chequers_serial_rivers_micro_b, chequers_serial_rivers_large_a,
          chequers_serial_rivers_micro_b, chequers_serial_rivers_micro_a,
          chequers_serial_rivers_micro_d, uniq_menkaure, uniq_sigmund
D:6:      lemuel_insect_pit, layout_basic,
          nicolae_dithmenos_through_a_glass_darkly, kennysheep_vampire_church,
          minmay_misc_feat_secret_circle, minivault_19,
          minmay_manual_mandibuliform
D:7:      layout_basic, minmay_temple_entry_statues_fountains, centaur_isle
D:8:      layout_basic, roderic_serpentine_path
D:9:      layout_roguey, enter_bailey_3, uniq_pikel, uniq_erolcha
D:10:     layout_basic, lair_entry_dummy, erik_orc_3
D:11:     layout_rooms, gammafunk_ghost_hydra_chop
D:12:     layout_basic, nicolae_shop_self_help, uniq_sonja, uniq_jorgrun,
          uniq_azrael

Skill      XL: |  1  2  3  4  5  6  7  8  9 10 11 12 |
---------------+-------------------------------------+-----
Fighting       | 4 5 6 7 9 10 11 | 11.8
Dodging        | 2 3 4 5 |  5.0
Shields        | 1 2 3 5 6 |  6.6
Maces & Flails | 1 2 3 |  3.1
Armour         | 3 4 5 6 7 9 10 | 10.6
Evocations     | 1 3 4 6 7 8 9 |  9.2
Axes           | 5 11 15 17 | 17.6

Action                     |  1- 3 |  4- 6 |  7- 9 | 10-12 || total
---------------------------+-------+-------+-------+-------++-------
  Melee: Hand axe          |    90 |       |       |       ||    90
         Punch             |     1 |       |       |       ||     1
         Dire flail        |     1 |   134 |   280 |       ||   415
         Battleaxe         |       |       |     5 |    66 ||    71
         Broad axe         |       |       |       |   412 ||   412
  Throw: Dart              |       |       |       |     8 ||     8
    Use: Scroll            |     8 |       |    13 |     6 ||    27
         Potion            |       |       |       |     4 ||     4
   Stab: Sleeping          |     2 |       |       |       ||     2
 Armour: Animal skin       |    21 |    21 |       |       ||    42
         Plate armour      |       |    56 |   204 |   255 ||   515
  Dodge: Dodged            |    42 |   109 |   145 |   142 ||   438
  Block: Kite shield       |    21 |       |       |   204 ||   225

Table legend: (Time is in decaauts)
 A = Elapsed time spent in this place.
 B = Non-inter-level travel time spent in this place.
 C = Inter-level travel time spent in this place.
 D = Time resting spent in this place.
 E = Time spent auto-exploring this place.
 F = Levels seen in this place.
 G = Mean time per level.
                   A        B        C        D        E       F      G
               +--------+--------+--------+--------+--------+-----+--------+
         Total |   9799 |   9447 |    352 |    818 |   6404 |  13 |  753.8 |
       Dungeon |   9372 |   9020 |    352 |    714 |   6256 |  12 |  781.0 |
        Bailey |    426 |    426 |      0 |    104 |    148 |   1 |  426.0 |
               +--------+--------+--------+--------+--------+-----+--------+

Top non-repeatable levels by time:
     D:5: 1051 daAuts
     D:2: 1037 daAuts
     D:6: 1007 daAuts
    D:10: 948 daAuts
     D:3: 786 daAuts
     D:7: 772 daAuts
     D:4: 757 daAuts
     D:9: 748 daAuts
     D:8: 734 daAuts
    D:11: 727 daAuts
    D:12: 501 daAuts
  Bailey: 426 daAuts
     D:1: 299 daAuts
